 Dungeon Crawl Stone Soup version 0.28.0-53-g5a82cb258f (webtiles) character file.

Game seed: 13789059232964149563

36 tizbic2 the Grave Robber (level 3, 0/27 HPs)
             Began as a Ghoul Necromancer on July 17, 2022.
             Slain by Terence
             ... wielding a +0 hand axe
              (3 damage)
             ... on level 2 of the Dungeon.
             The game lasted 00:05:30 (919 turns).

tizbic2 the Grave Robber (Ghoul Necromancer)         Turns: 919, Time: 00:05:31

Health: 0/27       AC:  8    Str: 13    XL:     3   Next: 37%
Magic:  5/5        EV:  9    Int: 10    God:
Gold:   14         SH:  0    Dex:  9    Spells: 5/6 levels left

rFire   . . .      SeeInvis .   a - +0 dagger
rCold   + . .      Faith    .   (no shield)
rNeg    + + +      Spirit   .   i - +0 scale mail
rPois   ∞          Reflect  .   (no helmet)
rElec   .          Harm     .   c - +0 cloak
rCorr   .          Rampage  .   (no gloves)
Will    .....                   h - +0 pair of boots
Stlth   ..........              (no amulet)
HPRegen 0.00/turn               (no ring)
MPRegen 0.09/turn               (no ring)

@: very slightly contaminated, inhibited regen, invisible
A: claws 1, cold resistance 1, negative energy resistance 3, inhibited
regeneration, torment resistance 2
a: no special abilities


You were on level 2 of the Dungeon.
You visited 1 branch of the dungeon, and saw 2 of its levels.

You collected 14 gold pieces.

Inventory:

Hand Weapons
 a - a +0 dagger (weapon)
 m - a +0 hand axe
 w - a +0 hunting sling
Missiles
 e - 6 atropa-tipped darts
 f - 2 boomerangs
Armour
 b - a +0 robe
 c - a +0 cloak (worn)
 h - a +0 pair of boots (worn)
 i - a +0 scale mail (worn)
 j - a +0 leather armour
Scrolls
 k - 2 scrolls of identify {unknown}
Potions
 d - a potion of heal wounds {unknown}
 l - a potion of curing {unknown}


   Skills:
 + Level 0.9 Fighting
 * Level 1.1 Armour
 - Level 1.9 Dodging
 - Level 2.3 Stealth
 * Level 2.2 Spellcasting
 + Level 4.2 Necromancy


You had 5 spell levels left.
You knew the following spells:

 Your Spells              Type           Power      Damage    Failure   Level
a - Pain                  Necr           36%        1d5       26%         1

Your spell library contained the following spells:

 Spells                   Type           Power      Damage    Failure   Level
 Animate Skeleton         Necr           18%        N/A       26%         1
 Vampiric Draining        Necr           9%         2d6       61%         3
 Animate Dead             Necr           4%         N/A       95%         4
 Agony                    Necr           9%         N/A       100%        5


Dungeon Overview and Level Annotations

Branches:
Dungeon (2/15)

Altars:

Annotations:
D:2 Terence


Innate Abilities, Weirdness & Mutations

You thrive by killing the living.
You are immune to poison.
You have sharp fingernails.
Your flesh is cold resistant. (rC+)
You are immune to negative energy. (rN+++)
You do not regenerate when monsters are visible.
You are immune to unholy pain and torment.


Message History

You hit Terence but do no damage.
Terence is lightly wounded.
Terence hits you but does no damage.
You closely miss Terence.
Terence is lightly wounded.
Terence hits you but does no damage.
You hit Terence but do no damage.
Terence is lightly wounded.
Terence hits you with a +0 hand axe.
You hit Terence but do no damage.
Terence is lightly wounded.
Terence shouts, "Get ready for death!"
Terence barely misses you.
You hit Terence but do no damage.
Terence is lightly wounded.
Terence closely misses you.
You hit Terence.
Terence is moderately wounded.
Terence hits you but does no damage.
You strike the helpless Terence from behind!
You hit Terence.
Terence is moderately wounded.
You hit Terence but do no damage.
Terence is moderately wounded.
Terence hits you with a +0 hand axe.
You barely miss Terence.
Terence is moderately wounded.
Terence closely misses you.
You barely miss Terence.
Terence is moderately wounded.
Terence hits you but does no damage.
You strike the helpless Terence from behind!
You hit Terence.
Terence is heavily wounded.
Terence hits you with a +0 hand axe.
* * * LOW HITPOINT WARNING * * *
You closely miss Terence.
Terence is heavily wounded.
Terence hits you with a +0 hand axe.
You die...

..........
...######## ...#
...# ...########
...#......########
..†'†.......r..rl#
####......######@#
#..###..## #@#
#..# #.l.## #..#
#..##.##r.# ##.#
####....# #...##
.#
........##.##..#
.. .####'#...#
......#
...#†..##.####..#
#.##.#.....# ..# #
..#.....#


You could see Terence, a frilled lizard and a rat.

Vanquished Creatures
  An adder (D:2)
  2 endoplasms (D:1)
  A giant cockroach (D:1)
  A hobgoblin (D:2)
  7 jackals (D:1)
  A quokka (D:1)
  2 ball pythons
  4 bats
  2 frilled lizards
  2 goblins
  A kobold (D:1)
  2 rats (D:1)
26 creatures vanquished.

Vanquished Creatures (others)
  A plant (D:1)
1 creature vanquished.

Grand Total: 27 creatures vanquished

Notes
Turn   | Place    | Note
-------+----------+-------------------------------------------
     0 | D:1      | tizbic2 the Ghoul Necromancer began the quest for the Orb.
     0 | D:1      | Reached XP level 1. HP: 14/14 MP: 2/2
   154 | D:1      | Reached XP level 2. HP: 18/20 MP: 1/3
   184 | D:1      | Found a faded altar of an unknown god.
   678 | D:2      | Reached XP level 3. HP: 27/27 MP: 2/5
   724 | D:2      | Noticed Terence
   744 | D:2      | Reached skill level 1 in Armour
   919 | D:2      | Slain by Terence

Illustrated notes

Levels and vault maps discovered:
D:1:      moated_graveyard_arrival, layout_rooms, ebering_ecumenical_altar_rust,
          serial_bayou_lagoon_b
D:2:      layout_basic, serial_shops, shop_fountains, minmay_vboxes,
          uniq_crazy_yiuf_cottage, uniq_terence

Skill      XL: |  1  2  3 |
---------------+----------+-----
Spellcasting   | 2 |  2.2
Armour         | 1 |  1.1
Fighting       | |  0.9
Dodging        | |  1.9
Stealth        | |  2.3
Necromancy     | |  4.2

Action                   || total
-------------------------++-------
Melee: Mace              ||    29
       Punch             ||     4
       Dagger            ||    70
 Cast: Pain              ||    23
  Use: Potion            ||     1
 Stab: Invisible         ||     2
Armor: Robe              ||    15
       Leather armour    ||    25
       Scale mail        ||    11
Dodge: Dodged            ||    65
